 Dungeon Crawl Stone Soup version 0.29-a0-551-gffc1d7fb78 (webtiles) character file.

Game seed: 10510047221284750103

70 pokeman the Magician (level 4, -1/25 HPs)
             Began as a Deep Elf Hedge Wizard on June 6, 2022.
             Killed from afar by an orc wizard (8 damage)
             ... with a magic dart
             ... on level 3 of the Dungeon.
             The game lasted 00:03:31 (2396 turns).

pokeman the Magician (Deep Elf Hedge Wizard)        Turns: 2396, Time: 00:03:31

Health: -1/25      AC:  3    Str:  7    XL:     4   Next: 3%
Magic:  1/13       EV: 12    Int: 21    God:
Gold:   119        SH:  0    Dex: 14    Spells: 3/14 levels left

rFire   + . .      SeeInvis .   k - staff of conjuration
rCold   . . .      Faith    .   (no shield)
rNeg    . . .      Spirit   .   u - +0 leather armour
rPois   .          Reflect  .   c - +0 hat
rElec   .          Harm     .   (no cloak)
rCorr   .          Rampage  .   (no gloves)
Will    .....                   (no boots)
Stlth   ++........              a - amulet of the acrobat
HPRegen 0.08/turn               g - ring of protection from fire
MPRegen 0.13/turn               j - ring of flight

@: lethally poisoned (-1 -> -2), flying, very slightly contaminated
A: no striking features
a: no special abilities


You were on level 3 of the Dungeon.
You visited 1 branch of the dungeon, and saw 3 of its levels.

You collected 119 gold pieces.

Inventory:

Hand Weapons
 t - a +1 falchion of draining
Armour
 c - a +0 hat (worn)
 u - a +0 leather armour (worn)
Magical Staves
 k - a staff of conjuration (weapon)
 s - a staff of air
Jewellery
 a - an amulet of the acrobat (around neck)
 g - a ring of protection from fire (left hand)
 j - a ring of flight (right hand)
 q - a ring of willpower
Scrolls
 b - a scroll of teleportation {unknown}
 f - a scroll of noise {unknown}
 l - a scroll of enchant armour {unknown}
 n - a scroll of enchant weapon {unknown}
 p - a scroll of identify {unknown}
 r - a scroll of vulnerability {unknown}
Potions
 d - a potion of magic
 e - a potion of lignification {unknown}
 h - a potion of might {unknown}
 i - a potion of heal wounds {unknown}
 m - 2 potions of mutation {unknown}
 o - 3 potions of flight {unknown}


   Skills:
 + Level 1.1 Fighting
 - Level 1.0 Armour
 + Level 2.6 Dodging
 - Level 2.4 Stealth
 * Level 5.5 Spellcasting
 + Level 2.0 Conjurations
 - Level 1.1 Summonings
 - Level 1.1 Translocations


You had 3 spell levels left.
You knew the following spells:

 Your Spells              Type           Power      Damage    Failure   Level
a - Magic Dart            Conj           84%        1d7       6%          1
b - Mephitic Cloud        Conj/Pois/Air  13%        N/A       34%         3
c - Call Imp              Summ           10%        N/A       14%         2
d - Blink                 Tloc           20%        N/A       14%         2
e - Conjure Flame         Conj/Fire      15%        6-21      28%         3

Your spell library contained the following spells:

 Spells                   Type           Power      Damage    Failure   Level
 Slow                     Hex            20%        N/A       16%         1
 Stone Arrow              Conj/Erth      30%        3d8       28%         3
 Animate Armour           Summ/Erth      16%        N/A       75%         4
 Lehudib's Crystal Spear  Conj/Erth      7%         10d3      100%        8


Dungeon Overview and Level Annotations

Branches:
Dungeon (3/15)

Altars:


Message History

Casting: Magic Dart (safe; 7% risk of failure)
Confirm with . or Enter, or press ? or * to list all spells.
Aiming: Magic Dart (safe; 7% risk of failure)
Press: ? - help, Shift-Dir - straight line, f/p - adder
Aim: an adder (almost dead, 100% to hit)
You feel a surge of power!
The magic dart hits the adder but does no damage.
The adder is almost dead.
You feel sick. The adder bites you.
Casting: Magic Dart (safe; 7% risk of failure)
Confirm with . or Enter, or press ? or * to list all spells.
Aiming: Magic Dart (safe; 7% risk of failure)
Press: ? - help, Shift-Dir - straight line, f/p - adder
Aim: an adder (almost dead, 100% to hit)
You feel a surge of power!
The magic dart hits the adder.
You kill the adder!
You feel sick.
You have reached level 4!
You feel clever.
Casting: Magic Dart (safe; 6% risk of failure)
Confirm with . or Enter, or press ? or * to list all spells.
The spell is extremely dangerous to miscast (34% risk of failure)!
Continue anyway?
Aiming: Mephitic Cloud (extremely dangerous; 34% risk of failure)
Press: ? - help, Shift-Dir - straight line, f - orc wizard
Aim: an orc wizard, wielding a +0 dagger and wearing a +0 robe (chance to affect: 86%)
You feel a surge of power!
You miscast Mephitic Cloud.
You are very lightly contaminated with residual magic.
Nothing appears to happen.
You feel sick.
Casting: Mephitic Cloud (extremely dangerous; 34% risk of failure)
Confirm with . or Enter, or press ? or * to list all spells.
The spell is extremely dangerous to miscast (34% risk of failure)!
Continue anyway?
Aiming: Mephitic Cloud (extremely dangerous; 34% risk of failure)
Press: ? - help, Shift-Dir - straight line, f/p - orc wizard
Aim: an orc wizard, wielding a +0 dagger and wearing a +0 robe (chance to affect: 86%)
You feel a surge of power! That beam is likely to hit you.
Continue anyway?
You miscast Mephitic Cloud.
Nothing appears to happen.
You feel sick.
The orc wizard gestures at you while chanting.
The magic dart hits you!
You die...

##. #.. #...
#.## #... #..
<.).#..
###.)#.#######
#....o†.......
#)# #.######
#....o@#
########


You could see an orc wizard.

Vanquished Creatures
  An adder (D:3)
  A worm (D:2)
  4 orcs (D:3)
  3 bats
  3 endoplasms
  5 goblins
  5 hobgoblins
  2 jackals (D:1)
  5 kobolds
  6 quokkas
  6 ball pythons
  3 frilled lizards
  5 rats
49 creatures vanquished.

Notes
Turn   | Place    | Note
-------+----------+-------------------------------------------
     0 | D:1      | pokeman the Deep Elf Hedge Wizard began the quest for the
                  | Orb.
     0 | D:1      | Reached XP level 1. HP: 10/10 MP: 7/7
    81 | D:1      | Found a faded altar of an unknown god.
   274 | D:1      | Reached XP level 2. HP: 15/15 MP: 6/9
   949 | D:1      | Reached skill level 5 in Spellcasting
  1290 | D:1      | Reached XP level 3. HP: 20/20 MP: 8/11
  1294 | D:1      | Learned a level 3 spell: Mephitic Cloud
  1297 | D:1      | Learned a level 2 spell: Call Imp
  1300 | D:1      | Learned a level 2 spell: Blink
  1304 | D:1      | Learned a level 3 spell: Conjure Flame
  2028 | D:2      | Reached skill level 1 in Armour
  2289 | D:3      | Reached skill level 1 in Fighting
  2395 | D:3      | Reached XP level 4. HP: 9/25 MP: 7/13
  2396 | D:3      | Killed from afar by an orc wizard

Illustrated notes

Levels and vault maps discovered:
D:1:      dpeg_arrival_tiny_a, layout_basic, chequers_ecumenical_altar_island
D:2:      layout_loops_cross
D:3:      minmay_recursive_quarters, layout_basic

Skill      XL: |  1  2  3 |
---------------+----------+-----
Spellcasting   | 5 |  5.5
Armour         | 1 |  1.0
Fighting       | 1 |  1.1
Conjurations   | 2 |  2.0
Dodging        | |  2.6
Stealth        | |  2.4
Summonings     | |  1.1
Translocations | |  1.1

Action                   |  1- 3 |  4- 6 || total
-------------------------+-------+-------++-------
Melee: Staff             |     4 |       ||     4
 Cast: Magic Dart        |   110 |       ||   110
       Mephitic Cloud    |     1 |       ||     1
Armor: Robe              |     5 |       ||     5
Dodge: Dodged            |     9 |       ||     9

Table legend: (Time is in decaauts)
 A = Elapsed time spent in this place.
 B = Non-inter-level travel time spent in this place.
 C = Inter-level travel time spent in this place.
 D = Time resting spent in this place.
 E = Time spent auto-exploring this place.
 F = Levels seen in this place.
 G = Mean time per level.
                   A        B        C        D        E       F      G
               +--------+--------+--------+--------+--------+-----+--------+
         Total |   2396 |   2339 |     57 |     71 |   1991 |   3 |  798.7 |
       Dungeon |   2396 |   2339 |     57 |     71 |   1991 |   3 |  798.7 |
               +--------+--------+--------+--------+--------+-----+--------+

Top non-repeatable levels by time:
     D:1: 1336 daAuts
     D:2: 1018 daAuts
     D:3: 42 daAuts
